 Dungeon Crawl Stone Soup version 0.26.1-11-gd32895ea62 (webtiles) character file.

Game seed: 7725986599971139599

105 Zeld the Magician (level 4, -14/28 HPs)
             Began as an Octopode Transmuter on May 26, 2021.
             Killed by divine providence
             ... invoked by an orc priest
              (15 damage)
             ... on level 3 of the Dungeon.
             The game lasted 00:04:21 (2901 turns).

Zeld the Magician (Octopode Transmuter)             Turns: 2901, Time: 00:04:21

Health: -14/28     AC:  1    Str: 10    XL:     4   Next: 83%
Magic:  7/8        EV: 13    Int: 15    God:
Gold:   147        SH:  0    Dex: 12    Spells: 3/9 levels left

rFire    . . .     SeeInvis .     - Unarmed
rCold    . . .     Faith    .   (no shield)
rNeg     . . .     Spirit   .   (helmet restricted)
rPois    .         Reflect  .   (no amulet)
rElec    .         Harm     .   (no ring)
rCorr    .         Rampage  .   (no ring)
Will     .....                  (no ring)
Stlth    ++........             (no ring)
HPRegen  0.09/turn              (no ring)
MPRegen  0.11/turn              (no ring)
                                (no ring)
                                (no ring)

@: wereblooded
A: almost no armour, stealthy swim, amphibious, 8 rings, constrict 8, camouflage
1, gelatinous body 1
a: no special abilities


You were on level 3 of the Dungeon.
You visited 1 branch of the dungeon, and saw 3 of its levels.

You collected 147 gold pieces.

Inventory:

Jewellery
 d - an uncursed amulet of faith {unknown}
 i - a +6 ring of intelligence {unknown}
Scrolls
 b - 5 scrolls of identify {unknown}
 c - 2 scrolls of teleportation {unknown}
 e - 3 scrolls of enchant armour {unknown}
 g - a scroll of remove curse {unknown}
Potions
 a - a potion of resistance {unknown}
 f - 3 potions of curing {unknown}
 h - a potion of invisibility {unknown}
 j - a potion of heal wounds {unknown}


   Skills:
 - Level 1.6 Fighting
 - Level 2.3 Dodging
 - Level 3.0 Unarmed Combat
 * Level 3.2 Spellcasting
 - Level 2.8 Transmutations
 + Level 1.7 Poison Magic


You had 3 spell levels left.
You knew the following spells:

 Your Spells              Type           Power        Failure   Level
a - Beastly Appendage     Tmut           20%          6%          1
b - Wereblood             Tmut           10%          10%         2
c - Spider Form           Tmut/Pois      4%           22%         3

Your spell library contained the following spells:

 Spells                   Type           Power        Failure   Level
 Ice Form                 Ice/Tmut       6%           73%         4
 Blade Hands              Tmut           5%           86%         5


Dungeon Overview and Level Annotations

Branches:
Dungeon (3/15)

Altars:
Uskayaw


Innate Abilities, Weirdness & Mutations

You cannot wear most types of armour.
You are very stealthy in the water. (Stealth+)
You are amphibious.
You can wear up to eight rings at the same time.
You can use your tentacles to constrict eight enemies at once.
Your skin changes colour to match your surroundings (Stealth+).
Your rubbery body absorbs attacks. (AC +1, EV +1)


Message History

The orc wizard flickers and vanishes!
Deactivating autopickup; reactivate with Ctrl-A.
You tentacle-slap the orc but do no damage.
The orc is almost dead.
You constrict the orc.
You kill the orc!
Your transformation is almost over.
You closely miss something. Something hits you.
You miss something.
You pierce something.
Something hits you.
You closely miss something. Your squeeze misses something. Something hits you.
* * * LOW HITPOINT WARNING * * *
You closely miss something.
You hear some strange, mumbled words.
You barely miss something.
You pierce something.
Something hits you.
* * * LOW HITPOINT WARNING * * *
Your tentacle spike disappears.
The orc priest mumbles some strange prayers to Beogh against you.
Beogh smites you!
Ouch! That really hurt!
You die...

.#########
..o.oo)o.#
#######.#######o#
......# #.#
#####.# ##o###
....#.# #....#
..#.#.# ###.##
#...#.# #@#
....#.# #.#
#..##.######
###.##
..........>#
#....#
#...#.######
#.#.## #.).#.#
#.### #...#.# #.#
#...#.###### #.#
#........... #†#


You could see an orc priest and 2 orcs.

Vanquished Creatures
  2 adders
  An ooze (D:2)
  3 worms (D:3)
  A dart slug (D:1)
  2 leopard geckos
  2 orcs (D:3)
  9 bats
  7 goblins
  6 hobgoblins
  6 jackals (D:1)
  4 kobolds
  A quokka (D:3)
  2 ball pythons
  11 frilled lizards
  10 rats
67 creatures vanquished.

Notes
Turn   | Place    | Note
-------+----------+-------------------------------------------
     0 | D:1      | Zeld the Octopode Transmuter began the quest for the Orb.
     0 | D:1      | Reached XP level 1. HP: 13/13 MP: 3/3
   195 | D:1      | Reached XP level 2. HP: 18/18 MP: 1/5
   279 | D:1      | Learned a level 2 spell: Wereblood
   353 | D:1      | Reached XP level 3. HP: 13/23 MP: 6/6
   357 | D:1      | Learned a level 3 spell: Spider Form
  1404 | D:2      | Reached skill level 1 in Poison Magic
  1404 | D:2      | Reached XP level 4. HP: 23/28 MP: 5/8
  1489 | D:2      | Found a hide-covered altar of Uskayaw.
  2897 | D:3      | HP: 1/28 [something (4)]
  2901 | D:3      | Killed from afar by an orc priest

Illustrated notes

Levels and vault maps discovered:
D:1:      nicolae_arrival_memento_mori, layout_basic
D:2:      layout_loops_ring, lemuel_crystal_altar
D:3:      layout_basic, uniq_jessica

Skill      XL: |  1  2  3  4 |
---------------+-------------+-----
Poison Magic   | 1 |  1.7
Spellcasting   | 3 |  3.2
Fighting       | |  1.6
Dodging        | |  2.3
Unarmed Combat | |  3.0
Transmutations | |  2.8

Action                   |  1- 3 |  4- 6 || total
-------------------------+-------+-------++-------
Melee: Unarmed           |    75 |    69 ||   144
       Constrict         |    26 |    17 ||    43
       Tentacles         |    14 |     9 ||    23
       Kick              |    18 |    17 ||    35
       Punch             |     1 |     1 ||     2
 Cast: Beastly Appendage |    23 |    17 ||    40
       Wereblood         |     2 |     1 ||     3
 Stab: Sleeping          |       |     2 ||     2
Armor: Skin              |     6 |    11 ||    17
Dodge: Dodged            |    55 |    46 ||   101
